 Dungeon Crawl Stone Soup version 0.28.0 (webtiles) character file.

Game seed: 13019659541619005511

219 Torus the Skirmisher (level 5, -4/47 HPs)
             Began as a Ghoul Chaos Knight on Feb 18, 2022.
             Was a Plaything of Xom.
             Killed from afar by an orc wizard (9 damage)
             ... with a puff of flame
             ... on level 3 of the Dungeon.
             The game lasted 00:04:10 (2339 turns).

Torus the Skirmisher (Ghoul Chaos Knight)           Turns: 2339, Time: 00:04:12

Health: -4/47      AC:  9    Str: 18    XL:     5   Next: 96%
Magic:  4/4        EV: 11    Int:  7    God:    Xom [..*...]
Gold:   92         SH:  0    Dex:  8    Spells: 4/4 levels left

rFire   . . .      SeeInvis .   a - +0 falchion (chaos)
rCold   + . .      Faith    .   (no shield)
rNeg    + + +      Spirit   .   b - +3 leather armour
rPois   ∞          Reflect  .   (no helmet)
rElec   .          Harm     .   (no cloak)
rCorr   .          Rampage  .   f - +2 pair of gloves
Will    .....                   (no boots)
Stlth   +.........              (no amulet)
HPRegen 0.00/turn               (no ring)
MPRegen 0.09/turn               (no ring)

@: inhibited regen
A: claws 1, cold resistance 1, negative energy resistance 3, inhibited
regeneration, torment resistance 2
a: Renounce Religion


You were on level 3 of the Dungeon.
You worshipped Xom.
You were a toy of Xom.
You visited 1 branch of the dungeon, and saw 3 of its levels.

You collected 92 gold pieces.

Inventory:

Hand Weapons
 a - a +0 falchion of chaos (weapon)
Missiles
 c - 80 stones (quivered)
 e - 38 sling bullets
 g - 19 bolts
 j - 15 arrows
Armour
 b - a +3 leather armour (worn)
 f - a +2 pair of gloves (worn)
Wands
 n - a wand of paralysis (4)
Scrolls
 h - 3 scrolls of magic mapping
 k - a scroll of teleportation {unknown}
 l - a scroll of fear
Potions
 d - 2 potions of heal wounds {unknown}
 i - 3 potions of curing
 m - a potion of resistance {unknown}


   Skills:
 + Level 4.4 Fighting
 + Level 3.7 Long Blades
 + Level 3.1 Armour
 + Level 2.5 Dodging


You had 4 spell levels left.
You didn't know any spells.
Your spell library contained the following spells:

 Spells                   Type           Power      Damage    Failure   Level
 Corpse Rot               Necr/Air       0%         N/A       63%         2
 Dispel Undead            Necr           0%         3d6       99%         4
 Death Channel            Necr           0%         N/A       100%        6


Dungeon Overview and Level Annotations

Branches:
Dungeon (3/15)

Altars:


Innate Abilities, Weirdness & Mutations

You thrive by killing the living.
You are immune to poison.
You have sharp fingernails.
Your flesh is cold resistant. (rC+)
You are immune to negative energy. (rN+++)
You do not regenerate when monsters are visible.
You are immune to unholy pain and torment.


Message History

You closely miss something.
The orc priest shouts!
Something hits you but does no damage.
You hit something but do no damage. Something hits you but does no damage.
You barely miss something.
Something hits you but does no damage. x2
You miss something.
An orc comes into view. It is wielding a +0 hand axe.
The orc priest hits you with a +0 falchion!
Something hits you.
You completely miss the orc priest.
The orc priest calls down the wrath of Beogh upon you.
Beogh smites you! Something hits you but does no damage.
You slash the orc priest! You drain the orc priest.
You kill the orc priest!
Something hits you but does no damage. Something hits you but does no damage.
You hit something.
Nothing appears to happen.
Something hits you but does no damage. The orc hits you with a +0 hand axe.
You miss something. Something hits you. The orc hits you with a +0 hand axe.
An orc comes into view. It is wielding a +0 mace.
You barely miss something.
The orc shouts!
Something hits you but does no damage. The orc hits you but does no damage.
You miss something.
You hear some strange, mumbled words.
You are confused.
The orc closely misses you. Something hits you but does no damage.
You bump into the rock wall.
Something hits you.
You miss something.
The orc throws a boomerang.
The boomerang hits you but does no damage.
Something hits you. The orc barely misses you.
You feel less confused.
You slash something!
You hear some strange, mumbled words.
Something tries to affect you, but you resist.
You hear some strange, mumbled words.
A puff of flame appears from out of thin air!
The puff of flame hits you!
You die...

.≈.≈.≈...#.#
#.# #.#
≈.≈.≈.≈..#@#
#.# #.##
.≈...≈.(#{##
#.# #...
≈.....(.o## #.#
##.# #....(#..#
#.# #.#
.#####.#.# #.#
#.# ..##)# #.#
#.# ### #.# #.#
#.# #.. #.#
######.# ...
#.###.......
###.
#..........# .
########.######
...........# #
#######.#######
.............##
.###≈..≈###..##
#...#≈≈#...#.##


You could see an orc.

Vanquished Creatures
  An orc priest (D:3)
  Natasha (thrice) (D:2)
  A gnoll (D:1)
  6 adders
  2 worms (D:2)
  3 bats
  4 endoplasms
  4 giant cockroaches
  2 goblins (D:1)
  2 hobgoblins
  4 jackals (D:1)
  4 kobolds
  2 quokkas
  8 ball pythons
  6 frilled lizards
  2 rats
54 creatures vanquished.

Notes
Turn   | Place    | Note
-------+----------+-------------------------------------------
     0 | D:1      | Torus the Ghoul Chaos Knight began the quest for the Orb.
     0 | D:1      | Reached XP level 1. HP: 19/19 MP: 0/0
     3 | D:1      | You fall into a shaft and drop 1 floor!
    42 | D:2      | Reached skill level 1 in Dodging
    42 | D:2      | Reached XP level 2. HP: 21/26 MP: 1/1
   123 | D:2      | Noticed Natasha
   130 | D:2      | Killed Natasha
   131 | D:2      | Reached XP level 3. HP: 28/33 MP: 2/2
   389 | D:1      | XOM: divination: detect items
   511 | D:1      | Reached XP level 4. HP: 38/40 MP: 3/3
   678 | D:1      | XOM: divination: magic mapping
  1062 | D:2      | Noticed Natasha
  1067 | D:2      | XOM: divination: detect items
  1070 | D:2      | XOM: potion effect (curing)
  1076 | D:2      | Killed Natasha
  1077 | D:2      | Reached skill level 4 in Fighting
  1079 | D:2      | Noticed Natasha
  1079 | D:2      | XOM: 5-stop teleportation journey
  1084 | D:2      | Killed Natasha
  1085 | D:2      | Reached XP level 5. HP: 15/46 MP: 4/4
  1167 | D:2      | XOM: silly message
  1579 | D:2      | XOM: smoke on damage
  1630 | D:2      | XOM: silly message
  2052 | D:3      | XOM: smoke on damage
  2293 | D:3      | XOM: silly message
  2294 | D:3      | Found a faded altar of an unknown god.
  2339 | D:3      | Killed from afar by an orc wizard

Illustrated notes

Levels and vault maps discovered:
D:1:      scummos_arrival_simple_fountains, layout_basic
D:2:      minmay_evil_eye, layout_loops_ring, uniq_natasha
D:3:      layout_loops_ring, shapermc_ecumenical_altar_starsandcircs,
          fountainhead, minmay_joined_circles, uniq_grinder

Skill      XL: |  1  2  3  4  5 |
---------------+----------------+-----
Armour         | 2 3 |  3.1
Dodging        | 1 2 |  2.5
Long Blades    | 3 |  3.7
Fighting       | 4 |  4.4

Action                   |  1- 3 |  4- 6 || total
-------------------------+-------+-------++-------
Melee: Falchion          |    47 |   163 ||   210
       Punch             |       |     1 ||     1
Throw: Stone             |       |    26 ||    26
  Use: Scroll            |       |     5 ||     5
 Stab: Petrified         |       |     1 ||     1
       Paralysed         |       |     1 ||     1
Armor: Leather armour    |    13 |    61 ||    74
Dodge: Dodged            |    28 |   106 ||   134
